 Dungeon Crawl Stone Soup version 0.22.1-2-g9c5b331383 (webtiles) character file.

220 purrlore the Slasher (level 5, -2/47 HPs)
             Began as a Minotaur Berserker on Nov 15, 2018.
             Was a Priest of Trog.
             Slain by a gnoll
             ... wielding a +0 spear
              (3 damage)
             ... on level 3 of the Dungeon on Nov 16, 2018.
             The game lasted 00:09:26 (2585 turns).

purrlore the Slasher (Minotaur Berserker)           Turns: 2585, Time: 00:09:27

Health: -2/47      AC:  5    Str: 25    XL:     5   Next: 64%
Magic:  4/4        EV: 11    Int:  4    God:    Trog [***...]
Gold:   31         SH:  0    Dex:  9    Spells: 4/4 levels left

rFire    . . .     SeeInvis .   s - +2 hand axe (chop)
rCold    + . .     Gourm    .   (no shield)
rNeg     . . .     Faith    .   d - +0 ring mail
rPois    .         Spirit   .   (helmet restricted)
rElec    .         Reflect  .   (no cloak)
rCorr    .         Harm     .   (no gloves)
MR       .....     Clarity  +   (no boots)
Stlth    ..........             (no amulet)
HPRegen  0.15/turn              h - ring of protection from cold
MPRegen  0.09/turn              (no ring)

@: no status effects
A: retaliatory headbutt, horns 2, clarity, strong 1, subdued magic 1
a: Berserk, Trog's Hand, Renounce Religion


You were on level 3 of the Dungeon.
You worshipped Trog.
Trog was most pleased with you.
You were not hungry.

You visited 1 branch of the dungeon, and saw 3 of its levels.

You collected 31 gold pieces.

Inventory:

Hand Weapons
 a - a +0 falchion
 o - a +0 club
 s - a +2 hand axe of chopping (weapon)
Missiles
 e - 24 bolts
 g - 66 stones (quivered)
Armour
 b - a +0 animal skin
 d - a +0 ring mail (worn)
Jewellery
 h - a ring of protection from cold (left hand)
 u - an uncursed ring of fire {unknown}
Scrolls
 f - 2 scrolls of teleportation
 j - a scroll of enchant weapon {unknown}
 l - a scroll of random uselessness
 p - a scroll of enchant armour {unknown}
 q - a scroll of remove curse {unknown}
 r - a scroll of fear {unknown}
Potions
 i - a potion of resistance
 k - 2 potions of curing
 t - a potion of lignification {unknown}
Comestibles
 c - 3 rations


   Skills:
 + Level 4.4 Fighting
 + Level 6.1 Long Blades
 + Level 1.0 Axes
 + Level 0.5 Throwing
 + Level 4.0 Armour
 + Level 2.4 Dodging
 + Level 0.1 Stealth


You had 4 spell levels left.
You didn't know any spells.
Your spell library was empty.

Dungeon Overview and Level Annotations

Branches:
Dungeon (3/15)

Altars:
Ashenzari
Cheibriados
Elyvilon
Ru
Uskayaw
Wu Jian


Innate Abilities, Weirdness & Mutations

You reflexively headbutt those who attack you in melee.
You have a pair of horns on your head.
You possess an exceptional clarity of mind.
Your muscles are strong. (Str +2)
Your spells are a little easier to cast, but a little less powerful.


Message History

You hit the worm.
The gnoll hits you from afar with a spear!
* * * LOW HITPOINT WARNING * * *
The worm bites you.
* * * LOW HITPOINT WARNING * * *
The gnoll hits you but does no damage.
You hit the worm.
The worm is moderately wounded.
The gnoll hits you from afar with a spear.
* * * LOW HITPOINT WARNING * * *
The gnoll closely misses you. The worm closely misses you.
You furiously retaliate!
You headbutt the worm!
You kill the worm!
Trog accepts your kill. The gnoll hits you but does no damage.
The gnoll hits you from afar with a spear.
* * * LOW HITPOINT WARNING * * *
Unknown command.
The gnoll hits you with a spear.
You die...

.. .# ....
#.###.##....
#.#.........
#...........
#..........
#.....#
#..†..#
#.<...#
#)†@..#
#†g...#
#.....#
#######


You could see a gnoll.

Vanquished Creatures
  Jessica (D:2)
  Natasha (twice) (D:2)
  Robin (D:2)
  2 gnolls (D:3)
  3 adders (D:2)
  6 worms
  3 dart slugs (D:1)
  3 giant cockroaches (D:2)
  12 goblins
  5 hobgoblins
  8 jackals (D:1)
  5 kobolds (D:1)
  A ball python (D:1)
  6 bats
  4 frilled lizards
  7 rats
69 creatures vanquished.

Notes
Turn   | Place    | Note
-------+----------+-------------------------------------------
     0 | D:1      | purrlore the Minotaur Berserker began the quest for the
                  | Orb.
     0 | D:1      | Reached XP level 1. HP: 19/19 MP: 0/0
   124 | D:1      | Reached skill level 4 in Long Blades
   161 | D:1      | Reached XP level 2. HP: 27/27 MP: 1/1
   625 | D:1      | Reached XP level 3. HP: 33/33 MP: 2/2
   628 | D:1      | Reached ** piety under Trog
  1342 | D:2      | Noticed Jessica
  1352 | D:2      | Killed Jessica
  1352 | D:2      | Reached skill level 5 in Long Blades
  1352 | D:2      | Reached XP level 4. HP: 28/40 MP: 3/3
  1553 | D:2      | Noticed Robin
  1557 | D:2      | Found a sacrificial altar of Ru.
  1557 | D:2      | Found a hide-covered altar of Uskayaw.
  1558 | D:2      | Found an ornate altar of the Wu Jian Council.
  1558 | D:2      | Found a snail-covered altar of Cheibriados.
  1584 | D:2      | Killed Robin
  1585 | D:2      | Found a white marble altar of Elyvilon.
  1810 | D:2      | Found a shattered altar of Ashenzari.
  1859 | D:2      | Noticed Natasha
  1862 | D:2      | Killed Natasha
  1862 | D:2      | Reached XP level 5. HP: 47/47 MP: 4/4
  2128 | D:2      | Noticed Natasha
  2132 | D:2      | Killed Natasha
  2133 | D:2      | Reached *** piety under Trog
  2559 | D:2      | Gained mutation: Your spells are a little easier to cast,
                  | but a little less powerful. [potion of mutation]
  2559 | D:2      | Gained mutation: Your muscles are strong. (Str +2) [potion
                  | of mutation]
  2559 | D:2      | Gained mutation: You possess an exceptional clarity of
                  | mind. [potion of mutation]
  2572 | D:3      | Reached skill level 1 in Axes
  2578 | D:3      | Reached skill level 6 in Long Blades
  2584 | D:3      | HP: 1/47 [gnoll/spear (4)]
  2585 | D:3      | Slain by a gnoll

Skill      XL: |  1  2  3  4  5 |
---------------+----------------+-----
Long Blades    | 4 5 6 |  6.1
Fighting       | 4 |  4.4
Armour         | 3 4 |  4.0
Axes           | 1 |  1.0
Throwing       | |  0.5
Dodging        | |  2.4
Stealth        | |  0.1

Action                   |  1- 3 |  4- 6 || total
-------------------------+-------+-------++-------
Melee: Falchion          |    70 |    55 ||   125
       Headbutt          |    10 |    13 ||    23
       Hand axe          |       |    24 ||    24
Throw: Throwing net      |     3 |       ||     3
       Stone             |    11 |       ||    11
  Use: Scroll            |       |     6 ||     6
       Potion            |       |     1 ||     1
  Eat: Ration            |     1 |     1 ||     2
Armor: Ring mail         |    35 |    29 ||    64
Dodge: Dodged            |    54 |    57 ||   111
       Rpst.: Falchion   |     9 |     6 ||    15
